 Dungeon Sprint DCSS version 0.18-a0-1126-ga2d7f46 (webtiles) character file.

295 pipel the Skirmisher (level 6, -1/47 HPs)
             Began as an Octopode Wanderer on Jan 20, 2016.
             Was a Priest of Jiyva.
             Killed from afar by a black bear (30 damage)
             ... with an exploding inner flame
             ... hexed by the player character
             ... in the Dungeon (Sprint IX: "|||||||||||||||||||||||||||||").
             The game lasted 00:03:53 (178 turns).

pipel the Skirmisher (Octopode Wanderer)             Turns: 178, Time: 00:03:55

Health: -1/47      AC:  6    Str:  9    XL:     6   Next: 34%
Magic:  1/15       EV: 16    Int: 14    God:    Jiyva [***...]
Gold:   0          SH:  0    Dex: 19    Spells: 5 memorised, 4 levels left

rFire  . . .     SeeInvis .     b - +2 halberd (protect)
rCold  . . .     Gourm    .     (shield currently unavailable)
rNeg   . . .     Faith    .     (helmet restricted)
rPois  .         Spirit   .     (no amulet)
rElec  .         Dismiss  .     q - +3 ring of dexterity
rCorr  +         Reflect  .     r - +2 ring of evasion
SustAt .         Harm     .     (no ring)
MR     .....     Clarity  +     (no ring)
Stlth  ++++...... NoTele   +    (no ring)
                                (no ring)
                                (no ring)
                                (no ring)

@: very slightly contaminated, not resistant to hostile enchantments, stealthy
A: almost no armour, amphibious, 8 rings, constrict 8, camouflage 1, clarity,
gelatinous body 1
a: Request Jelly, Jelly Paralyse, Renounce Religion


You were in the Dungeon.
You worshipped Jiyva.
Jiyva was most pleased with you.
You were not hungry.

You visited 1 branch

Inventory:

Hand Weapons
 b - a +2 halberd of protection (weapon)
 o - a +0 spear
Armour
 p - a +0 helmet
Magical Staves
 a - an uncursed staff of energy
Jewellery
 q - a +3 ring of dexterity (left tentacle)
 r - a +2 ring of evasion (right tentacle)
Wands
 m - a wand of cold (5/15)
Scrolls
 i - 2 scrolls of blinking
 k - 3 scrolls of remove curse
 l - 2 scrolls of amnesia
Potions
 d - 5 potions of curing
 e - a potion of invisibility
 f - a potion of haste
 g - 4 potions of magic
 h - 2 potions of heal wounds
Books
 n - a book of Flames

   Spells                             Type                      Level
   a - Flame Tongue                   Conjuration/Fire             1
   b - Throw Flame                    Conjuration/Fire             2
   c - Conjure Flame                  Conjuration/Fire             3
   d - Inner Flame                    Hexes/Fire                   3
   e - Sticky Flame                   Conjuration/Fire             4
   f - Fireball                       Conjuration/Fire             5
Comestibles
 c - a bread ration
 j - 7 chunks of flesh


   Skills:
 + Level 6.7 Fighting
 + Level 3.1 Polearms
 + Level 3.7 Dodging
 - Level 2.6 Stealth
   Level 2.0 Shields
 - Level 6.1 Spellcasting
 + Level 3.0 Conjurations
 + Level 2.1 Hexes
 + Level 6.4 Fire Magic
 + Level 1.6 Evocations


You had 4 spell levels left.
You knew the following spells:

 Your Spells              Type           Power        Failure   Level  Hunger
a - Flame Tongue          Conj/Fire      ###..        2%          1    None
b - Conjure Flame         Conj/Fire      ###.....     10%         3    ###....
c - Sticky Flame          Conj/Fire      ###.....     24%         4    ####...
d - Inner Flame           Hex/Fire       ###.....     10%         3    ###....
e - Throw Flame           Conj/Fire      ###...       3%          2    #......


Dungeon Overview and Level Annotations

Branches:
Dungeon (1/1)

Altars:
Cheibriados
Dithmenos
Elyvilon
Fedhas
Gozag
Kikubaaqudgha
Makhleb
Nemelex Xobeh
Okawaru
Pakellas
Qazlal
Ru
Sif Muna
Trog
Vehumet
Xom
Yredelemnul
Zin
The Shining One
Beogh
Jiyva
Lugonu


Innate Abilities, Weirdness & Mutations

You cannot wear most types of armour.
You are amphibious.
You can wear up to eight rings at the same time.
You can use your tentacles to constrict eight enemies at once.
Your skin changes colour to match your surroundings (Stealth).
Your rubbery body absorbs attacks (AC +1).
You possess an exceptional clarity of mind.


Message History

Press: ? - help, Dir - move target cursor, f/p - black bear
Aim: a black bear (moderately wounded, inner flame)
You reach to attack!
You slash the black bear!
The black bear is severely wounded.
Attack whom?
Press: ? - help, Dir - move target cursor, f/p - black bear
Aim: a black bear (severely wounded, inner flame)
You reach to attack!
You hit the black bear.
The black bear is almost dead.
The black bear goes berserk!
Attack whom?
Press: ? - help, Dir - move target cursor, f/p - black bear
Aim: a black bear (almost dead, berserk, fast, unusually strong, inner flame)
You reach to attack!
You hit the black bear.
The black bear is almost dead.
The black bear is engulfed in roaring flames.
The black bear explodes!
The fiery explosion engulfs you!
Ouch! That really hurt!
You die...

▓'▓
▓.▓
▓.▓
▓(▓
▓(▓
▓.▓
▓[▓
▓[▓
▓@▓
▓§▓
▓c▓
▓O▓
▓.▓
▓.▓
▓.▓
▓.▓
▓.▓


You could see a two-headed ogre and a centaur.

Vanquished Creatures
  A yak (D)
  A centaur (D)
  2 worker ants (D)
  2 orcs (D)
  3 goblins (D)
  A hobgoblin (D)
  A quokka (D)
  A giant gecko skeleton (D)
  A giant newt (D)
13 creatures vanquished.

Notes
Turn   | Place    | Note
--------------------------------------------------------------
     0 | D        | pipel the Octopode Wanderer began the quest for the Orb.
     0 | D        | pipel set off with: a book of Flames, a +0 spear, a bread ration, a potion of curing, a potion of heal wounds, a potion of haste, 2 potions of magic, a potion of berserk rage, a scroll of blinking
     0 | D        | Reached XP level 1. HP: 14/14 MP: 4/4
     2 | D        | Learned a level 1 spell: Flame Tongue
    15 | D        | Reached skill level 1 in Stealth
    15 | D        | Reached skill level 4 in Spellcasting
    51 | D        | Noticed a worker ant
    51 | D        | Noticed a worker ant
    56 | D        | Reached XP level 2. HP: 13/20 MP: 4/7
    74 | D        | Reached skill level 5 in Spellcasting
    74 | D        | Reached XP level 3. HP: 25/25 MP: 2/10
    78 | D        | Reached skill level 6 in Spellcasting
    78 | D        | Reached XP level 4. HP: 31/31 MP: 3/12
    94 | D        | Found a glowing silver altar of Zin.
    94 | D        | Found a glowing golden altar of the Shining One.
    94 | D        | Found an ancient bone altar of Kikubaaqudgha.
    94 | D        | Found a basalt altar of Yredelemnul.
    94 | D        | Found a shimmering altar of Xom.
    94 | D        | Found a radiant altar of Vehumet.
    95 | D        | Found an iron altar of Okawaru.
    96 | D        | Found a burning altar of Makhleb.
    97 | D        | Found a deep blue altar of Sif Muna.
    98 | D        | Found a bloodstained altar of Trog.
    99 | D        | Found a sparkling altar of Nemelex Xobeh.
   100 | D        | Found a white marble altar of Elyvilon.
   101 | D        | Found a roughly hewn altar of Beogh.
   102 | D        | Found a viscous altar of Jiyva.
   103 | D        | Found a corrupted altar of Lugonu.
   104 | D        | Found a blossoming altar of Fedhas.
   105 | D        | Found a snail-covered altar of Cheibriados.
   106 | D        | Found a shadowy altar of Dithmenos.
   107 | D        | Found a stormy altar of Qazlal.
   108 | D        | Found an opulent altar of Gozag.
   109 | D        | Found a sacrificial altar of Ru.
   110 | D        | Became a worshipper of Jiyva Jionuf the Shapeless
   111 | D        | Found an oddly glowing altar of Pakellas.
   141 | D        | Reached * piety under Jiyva
   143 | D        | Reached ** piety under Jiyva
   145 | D        | Learned a level 3 spell: Conjure Flame
   149 | D        | Reached *** piety under Jiyva
   149 | D        | Gained mutation: You possess an exceptional clarity of mind. [Jiyva's grace]
   150 | D        | Learned a level 4 spell: Sticky Flame
   154 | D        | Learned a level 3 spell: Inner Flame
   154 | D        | Noticed a centaur
   154 | D        | Noticed a yak
   154 | D        | Noticed a black bear
   154 | D        | Noticed a centaur
   154 | D        | Noticed a two-headed ogre
   161 | D        | Killed a centaur
   161 | D        | Reached skill level 1 in Polearms
   161 | D        | Reached skill level 1 in Conjurations
   161 | D        | Reached skill level 1 in Hexes
   161 | D        | Reached XP level 5. HP: 24/38 MP: 9/13
   162 | D        | Killed a yak
   162 | D        | Reached skill level 1 in Evocations
   162 | D        | Reached XP level 6. HP: 26/47 MP: 10/15
   167 | D        | Learned a level 2 spell: Throw Flame
   178 | D        | Killed a black bear
   178 | D        | Killed from afar by a black bear

Vault maps used:
D:        linesprint

Action                   |  1- 3 |  4- 6 || total
-------------------------+-------+-------++-------
Melee: Spear             |    17 |       ||    17
       Halberd           |       |     8 ||     8
 Cast: Flame Tongue      |     7 |       ||     7
       Inner Flame       |       |     2 ||     2
       Throw Flame       |       |     3 ||     3
Evoke: Wand              |       |     2 ||     2
  Use: Potion            |     2 |       ||     2
 Stab: Sleeping          |     2 |       ||     2
